 Dungeon Crawl Stone Soup version 0.19-a0-1790-g026f1ef (webtiles) character file.

1838 Proteus the Covert (level 8, -2/39 HPs)
             Began as a Spriggan Assassin on Oct 4, 2016.
             Was a Priest of Okawaru.
             Slain by an ogre
             ... wielding a +0 giant club
              (15 damage)
             ... on level 6 of the Dungeon.
             The game lasted 00:20:17 (7510 turns).

Proteus the Covert (Spriggan Assassin)              Turns: 7510, Time: 00:20:18

Health: -2/39      AC: 21    Str: 12    XL:     8   Next: 87%
Magic:  9/9        EV: 18    Int: 12    God:    Okawaru [***...]
Gold:   288        SH:  0    Dex: 20    Spells: 0 memorised, 7 levels left

rFire  . . .     SeeInvis +     r - +1 dagger (protect)
rCold  . . .     Gourm    .     f - +2 mottled dragon armour of the Gravedigger {MR+ Str+5 Stlth+}
rNeg   . . .     Faith    .     (shield restricted)
rPois  .         Spirit   .     (helmet restricted)
rElec  .         Dismiss  .     d - +2 cloak
rCorr  .         Reflect  .     (gloves unavailable)
MR     ++...     Harm     .     (boots unavailable)
Stlth  +++++++...               (no amulet)
                                (no ring)
                                j - +2 ring of protection

@: protection aura, very quick
A: unfitting armour, see invisible, herbivore 3, speed 3, slow metabolism 2
a: Heroism, Renounce Religion


You were on level 6 of the Dungeon.
You worshipped Okawaru.
Okawaru was most pleased with you.
You were not hungry.

You visited 1 branch of the dungeon, and saw 6 of its levels.

You collected 288 gold pieces.

Inventory:

Hand Weapons
 a - a +2 dagger
 b - a +0 blowgun
 r - a +1 dagger of protection (weapon)
Missiles
 e - 9 poisoned needles
Armour
 c - a +0 robe
 d - a +2 cloak (worn)
 f - the +2 mottled dragon armour of the Gravedigger (worn) {MR+ Str+5 Stlth+}
   (You found it on level 4 of the Dungeon)

   It affects your strength (+5).
   It affects your resistance to hostile enchantments.
   It makes you more stealthy.
 h - a +2 robe of the Archmagi
Jewellery
 j - a +2 ring of protection (left hand)
Wands
 l - a wand of paralysis (12/24)
 o - a wand of enslavement (18/24)
Scrolls
 k - 5 scrolls of remove curse
 p - a scroll of amnesia
Potions
 n - a potion of magic
 q - a potion of curing
 s - a potion of brilliance
Books
 i - a book of Minor Magic

   Spells                             Type                      Level
   a - Magic Dart                     Conjuration                  1
   b - Blink                          Translocation                2
   c - Call Imp                       Summoning                    2
   d - Repel Missiles                 Charms/Air                   2
   e - Slow                           Hexes                        2
   f - Conjure Flame                  Conjuration/Fire             3
   g - Mephitic Cloud                 Conjuration/Poison/Air       3
Comestibles
 g - 8 bread rations


   Skills:
 + Level 2.4 Fighting
 + Level 3.5 Short Blades
 + Level 3.1 Throwing
 - Level 5.2 Armour
 + Level 3.8 Dodging
 + Level 12.6 Stealth


You had 7 spell levels left.
You didn't know any spells.

Dungeon Overview and Level Annotations

Branches:
Dungeon (6/15)
 Temple: D:4-7

Altars:
Ashenzari
Cheibriados
Elyvilon
Fedhas
Gozag
Kikubaaqudgha
Okawaru
Qazlal
Uskayaw


Innate Abilities, Weirdness & Mutations

You are very small and have problems with some larger weapons.
You are too small for most types of armour.
You have supernaturally acute eyesight. (SInv)
You are a herbivore.
You cover ground extremely quickly.
You need consume almost no food.


Message History

You miss the leopard gecko.
The leopard gecko is moderately wounded.
The leopard gecko closely misses you. The ogre hits you but does no damage.
You hit the leopard gecko but do no damage.
The leopard gecko is moderately wounded.
The leopard gecko misses you.
You barely miss the leopard gecko.
The leopard gecko is moderately wounded.
The ogre closely misses you. The leopard gecko barely misses you.
You closely miss the leopard gecko.
The leopard gecko is moderately wounded.
The leopard gecko closely misses you. The ogre hits you with a giant club!
* * * LOW HITPOINT WARNING * * *
You hear an angry hiss.
You closely miss the leopard gecko.
The leopard gecko is moderately wounded.
The leopard gecko closely misses you.
Okay, then.
You feel better. The ogre hits you with a giant club!
You die...

...##.....# #h...# ##
...........###....#...
.............†........
...##.###.>.....###
....#.###.....#.###
..................
#####.#.<##......#
#.#..###..##..
#....O@l......
######..####....##
#####....†.####...#..#
#........#.##....###..
#............<..## ##
#................##
..................#
..................#
#.................#


You could see an ogre and a leopard gecko.

Vanquished Creatures
  Eustachio (D:4)
  Sigmund (D:2)
  Duvessa (D:4)
  2 ice beasts (D:5)
  A sky beast (D:6)
  A black bear (D:6)
  An ogre (D:5)
  A bullfrog (D:5)
  Dowan (D:4)
  4 scorpions
  A howler monkey (D:5)
  A crimson imp (D:5)
  A bullfrog zombie (D:5)
  An orc priest (D:4)
  2 gnoll shamans
  2 orc wizards (D:5)
  3 hounds
  Crazy Yiuf (D:3)
  An iguana (D:4)
  3 worker ants
  3 gnolls (D:4)
  11 adders
  A shadow imp (D:5)
  An adder skeleton (D:4)
  2 worms
  2 dart slugs
  5 leopard geckos
  9 orcs
  2 giant cockroaches
  6 goblins
  7 hobgoblins
  3 jackals (D:2)
  2 quokkas
  5 ball pythons
  3 bats
  13 frilled lizards
  A jackal skeleton (D:5)
  A jackal zombie (D:5)
  9 kobolds
  7 rats
123 creatures vanquished.

Notes
Turn   | Place    | Note
-------+----------+-------------------------------------------
     0 | D:1      | Proteus the Spriggan Assassin began the quest for the Orb.
     0 | D:1      | Reached XP level 1. HP: 10/10 MP: 2/2
    98 | D:1      | Reached skill level 6 in Stealth
   201 | D:1      | Reached XP level 2. HP: 14/14 MP: 3/3
   606 | D:1      | Reached skill level 7 in Stealth
  1709 | D:2      | Noticed Sigmund
  1739 | D:2      | Killed Sigmund
  1739 | D:2      | Reached skill level 9 in Stealth
  1739 | D:2      | Reached XP level 3. HP: 18/18 MP: 4/4
  1739 | D:2      | Reached XP level 4. HP: 22/22 MP: 5/5
  1739 | D:2      | Reached XP level 5. HP: 25/25 MP: 6/6
  1819 | D:2      | Reached skill level 10 in Stealth
  2356 | D:2      | Found a shattered altar of Ashenzari.
  2802 | D:3      | Found a white marble altar of Elyvilon.
  2892 | D:3      | Found an iron altar of Okawaru.
  2899 | D:3      | Became a worshipper of Warmaster Okawaru
  2975 | D:3      | Found a runed door.
  2980 | D:3      | Noticed Crazy Yiuf
  2991 | D:3      | Killed Crazy Yiuf
  3035 | D:3      | Reached skill level 11 in Stealth
  3035 | D:3      | Reached XP level 6. HP: 30/30 MP: 7/7
  3162 | D:3      | Found an ancient bone altar of Kikubaaqudgha.
  3749 | D:4      | Found a blossoming altar of Fedhas.
  3768 | D:4      | Noticed Eustachio
  3778 | D:4      | Found a stormy altar of Qazlal.
  3941 | D:4      | Reached skill level 12 in Stealth
  3965 | D:4      | Got a shimmering mottled dragon armour
  3976 | D:4      | Identified the +2 mottled dragon armour of the Gravedigger {MR+ Str+5 Stlth+} (You found it on level 4 of the Dungeon)
  4009 | D:4      | Noticed Duvessa
  4009 | D:4      | Noticed Dowan
  4041 | D:4      | Killed Dowan
  4041 | D:4      | Reached skill level 1 in Armour
  4082 | D:4      | Reached * piety under Okawaru
  4082 | D:4      | Reached XP level 7. HP: 33/33 MP: 8/8
  4091 | D:4      | Killed Duvessa
  4613 | D:4      | Killed Eustachio
  5700 | D:4      | Reached ** piety under Okawaru
  6015 | D:5      | Entered Level 5 of the Dungeon
  6040 | D:5      | Reached XP level 8. HP: 37/37 MP: 9/9
  6449 | D:5      | Found an opulent altar of Gozag.
  6484 | D:5      | Reached skill level 5 in Armour
  6744 | D:5      | Found a hide-covered altar of Uskayaw.
  6746 | D:5      | Found a snail-covered altar of Cheibriados.
  7467 | D:6      | Reached *** piety under Okawaru
  7510 | D:6      | Slain by an ogre

Vault maps used:
D:1:      dpeg_arrival_erosion, st_stairs_14
D:2:      ashenzari_altar_1, uniq_sigmund
D:3:      okawaru_ov_weapons_minmay, nicolae_overflow_crystal_walls,
          kiku_gazebo_pond_becter, first_bread, uniq_crazy_yiuf_cottage
D:4:      grunt_temple_overflow_forces_of_nature, kennysheep_nub,
          minmay_lizard_king, uniq_duvessa, uniq_eustachio
D:5:      old_standard_altar, grunt_temple_overflow_open
D:6:      kennysheep_generic_room_8

Skill      XL: |  1  2  3  4  5  6  7  8 |
---------------+-------------------------+-----
Stealth        | 6 9 11 12 | 12.6
Armour         | 1 4 5 |  5.2
Dodging        | 3 |  3.8
Fighting       | 2 |  2.4
Short Blades   | 3 |  3.5
Throwing       | 3 |  3.1

Action                   |  1- 3 |  4- 6 |  7- 9 || total
-------------------------+-------+-------+-------++-------
Melee: Dagger            |    82 |   191 |   484 ||   757
 Fire: Blowgun           |     9 |    58 |    23 ||    90
Evoke: Wand              |       |       |     4 ||     4
  Use: Potion            |     1 |     2 |     2 ||     5
       Scroll            |       |    11 |     4 ||    15
 Stab: Sleeping          |     8 |    17 |    13 ||    38
       Distracted        |       |     1 |     1 ||     2
       Paralysed         |       |       |     1 ||     1
  Eat: Bread ration      |       |     1 |       ||     1
Armor: Robe              |    12 |    43 |       ||    55
       Mottled dragon ar |       |    11 |   167 ||   178
Dodge: Dodged            |    73 |   151 |   460 ||   684
